 Dungeon Crawl Stone Soup version 0.29.1-2-gbd0b4ee654 (webtiles) character file.

Game seed: 18141451226488024919

45 safid the Shooter (level 3, -4/49 HPs)
             Began as a Minotaur Hunter on Nov 17, 2022.
             Slain by Terence
             ... wielding a +2 mace of protection
              (5 damage)
             ... on level 2 of the Dungeon.
             The game lasted 00:02:55 (891 turns).

safid the Shooter (Minotaur Hunter)                  Turns: 891, Time: 00:02:56

Health: -4/49      AC: 21    Str: 14 (15) XL:     3   Next: 42%
Magic:  2/2        EV: -1    Int:  4 (6)  God:
Gold:   13         SH:  0    Dex: 12 (15) Spells: 2/2 levels left

rFire   . . .      SeeInvis .   a - +0 shortbow
rCold   . . .      Faith    .   (shield currently unavailable)
rNeg    . . .      Spirit   .   (body armour currently unavailable)
rPois   +          Reflect  .   (helmet currently unavailable)
rElec   .          Harm     .   (cloak currently unavailable)
rCorr   .          Rampage  .   (gloves currently unavailable)
Will    .....      NoTele   +   (boots currently unavailable)
Stlth   +.........              (no amulet)
HPRegen 0.16/turn               (no ring)
MPRegen 0.08/turn               (no ring)

@: tree-form, constricted
A: stationary, stasis, torment immunity, boosted hp, (horns 2), (retaliatory
headbutt)
a: no special abilities


You were on level 2 of the Dungeon.
You were a tree.
You visited 1 branch of the dungeon, and saw 2 of its levels.

You collected 13 gold pieces.

Inventory:

Hand Weapons
 a - a +0 shortbow (weapon)
Armour
 f - a +0 scale mail (melded)
 g - a +1 pair of gloves (melded)
Jewellery
 c - a +4 ring of evasion
 j - a ring of willpower
Scrolls
 e - a scroll of identify
Potions
 d - a potion of degeneration


   Skills:
 + Level 3.7 Fighting
 + Level 5.1 Ranged Weapons
 - Level 2.1 Dodging
 - Level 0.7 Stealth


You had 2 spell levels left.
You didn't know any spells.
Your spell library contained the following spells:

 Spells                   Type           Power      Damage    Failure   Level
 Dispersal                Tloc           0%         N/A       100%        6
 Disjunction              Tloc           0%         N/A       100%        8


Dungeon Overview and Level Annotations

Branches:
Dungeon (2/15)

Altars:

Annotations:
D:2 Terence


Innate Abilities, Weirdness & Mutations

You are a tree.
Your roots penetrate the ground, keeping you stationary.
You cannot be teleported.
You are immune to unholy pain and torment.
Your maximum health is greatly increased.
Your equipment is partially melded.
((You have a pair of horns on your head.))
((You reflexively headbutt those who attack you in melee.))


Message History

* * * LOW HITPOINT WARNING * * *
Fire: a) +0 shortbow
Press: ? - help, Q - select action Shift-Dir - straight line, f/p - Terence
Aim: Terence, wielding a +2 mace of protection and wearing a +0 chain mail (lightly wounded, 68% to hit)
You shoot an arrow.
The arrow hits Terence but does no damage.
Terence is lightly wounded.
The ball python bites you but does no damage.
The ball python constricts you. Terence hits you but does no damage.
The ball python bites you but does no damage.
The ball python constricts you.
Fire: a) +0 shortbow
Press: ? - help, Q - select action Shift-Dir - straight line, f/p - Terence
Aim: Terence, wielding a +2 mace of protection and wearing a +0 chain mail (lightly wounded, 68% to hit)
You shoot an arrow.
The arrow hits Terence but does no damage.
Terence is lightly wounded.
The ball python bites you but does no damage.
The ball python constricts you.
* * * LOW HITPOINT WARNING * * *
Terence hits you but does no damage.
Fire: a) +0 shortbow
Press: ? - help, Q - select action Shift-Dir - straight line, f/p - Terence
Aim: Terence, wielding a +2 mace of protection and wearing a +0 chain mail (lightly wounded, 68% to hit)
You shoot an arrow. The arrow hits Terence!
Terence is heavily wounded.
The ball python bites you but does no damage.
The ball python constricts you. Terence hits you but does no damage.
The ball python bites you but does no damage.
The ball python constricts you. Terence hits you but does no damage.
Fire: a) +0 shortbow
Press: ? - help, Q - select action Shift-Dir - straight line, f/p - Terence
Aim: Terence, wielding a +2 mace of protection and wearing a +0 chain mail (heavily wounded, 68% to hit)
You shoot an arrow.
The arrow hits Terence but does no damage.
Terence is heavily wounded.
The ball python bites you but does no damage.
The ball python constricts you.
Terence hits you with a +2 mace of protection.
You die...

. .. ... ...<
.....
......####
.....r@♣.#
.....g##S#
..... #.# ##+#
#.# #.#
#######.#
#.......#
############.#
#............#


You could see Terence, a hobgoblin, a ball python and a rat.

Vanquished Creatures
  An adder (D:2)
  A dart slug (D:1)
  4 ball pythons
  2 bats (D:2)
  3 endoplasms
  2 giant cockroaches (D:2)
  2 goblins
  6 hobgoblins
  3 quokkas
  4 kobolds
  3 rats
31 creatures vanquished.

Notes
Turn   | Place    | Note
-------+----------+-------------------------------------------
     0 | D:1      | safid the Minotaur Hunter began the quest for the Orb.
     0 | D:1      | Reached XP level 1. HP: 18/18 MP: 0/0
    92 | D:1      | Reached XP level 2. HP: 26/26 MP: 1/1
   458 | D:1      | Found a faded altar of an unknown god.
   713 | D:2      | Reached XP level 3. HP: 31/31 MP: 2/2
   725 | D:2      | Reached skill level 5 in Ranged Weapons
   866 | D:2      | Noticed Terence
   887 | D:2      | HP: 1/49 [Terence/+2 mace of protection (2)]
   891 | D:2      | Slain by Terence

Illustrated notes

Levels and vault maps discovered:
D:1:      wander_arrival_chamber, layout_rooms,
          dreamdust_ecumenical_altar_angels_and_demons
D:2:      layout_basic, basic_altar, uniq_terence

Skill      XL: |  1  2  3 |
---------------+----------+-----
Fighting       | 3 |  3.7
Ranged Weapons | 5 |  5.1
Dodging        | |  2.1
Stealth        | |  0.7

Action                   || total
-------------------------++-------
 Fire: Shortbow          ||   102
  Use: Potion            ||     3
       Scroll            ||     2
Armor: Leather armour    ||     2
       Scale mail        ||    20
       Skin              ||    20
Dodge: Dodged            ||    42
